 Dungeon Crawl Stone Soup version 0.21-a0-163-g3aa3f5d (webtiles) character file.

14547 Moloch the Cleaver (level 11, -10/105 HPs)
             Began as a Demonspawn Fighter on Aug 5, 2017.
             Was a High Priest of Okawaru.
             Mangled by a polar bear (19 damage)
             ... in an ice cave.
             The game lasted 00:26:30 (11008 turns).

Moloch the Cleaver (Demonspawn Fighter)            Turns: 11008, Time: 00:26:31

Health: -10/105    AC: 18    Str: 19    XL:     11   Next: 90%
Magic:  15/17      EV: 12    Int: 15    God:    Okawaru [*****.]
Gold:   776        SH: 11    Dex: 16    Spells: 10/10 levels left

rFire    . . .     SeeInvis .   r - +0 hand axe (elec)
rCold    + . .     Gourm    .   c - +0 shield
rNeg     . . .     Faith    .   s - +2 chain mail "Juemil" {Int+6}
rPois    +         Spirit   .   (helmet restricted)
rElec    +         Reflect  .   m - +1 cloak
rCorr    .         Harm     .   A - +0 pair of gloves
MR       .....                  (no boots)
Stlth    ..........             (no amulet)
HPRegen  0.27/turn              C - ring of poison resistance
MPRegen  0.15/turn              o - +3 ring of evasion

@: heroism
A: antennae 1, hooves 1, rugged brown scales 2, agile 2, cold resistance 1,
dopey 1, powered by death 2, robust 1, electricity resistance, MP-powered wands
a: Heroism, Finesse, Renounce Religion


You were in an ice cave.
You worshipped Okawaru.
Okawaru was extremely pleased with you.
You were not hungry.

You visited 1 branch of the dungeon, and saw 12 of its levels.
You also visited: Ossuary and Ice Cave.

You collected 776 gold pieces.

Inventory:

Hand Weapons
 a - a +2 trident of venom
 r - a +0 hand axe of electrocution (weapon)
 R - a +2 war axe of freezing
Armour
 c - a +0 shield (worn)
 m - a +1 cloak (worn)
 s - the +2 chain mail "Juemil" (worn) {Int+6}
   (Okawaru gifted it to you on level 11 of the Dungeon)

   It affects your intelligence (+6).
 w - the +0 leather armour of the Invisible Hand {Regen+ Stlth+}
   (You found it on level 4 of the Dungeon)

   It increases your rate of regeneration.
   It makes you more stealthy.
 A - a +0 pair of gloves (worn)
 F - a +2 helmet
Jewellery
 o - a +3 ring of evasion (right hand)
 y - an uncursed ring of fire
 C - a ring of poison resistance (left hand)
 M - an uncursed ring of see invisible
Wands
 K - a wand of digging (8/24)
 P - a wand of acid (6/15)
 Q - a wand of iceblast (5/15)
 W - a wand of paralysis (12/24)
 X - a wand of acid (9/15)
Scrolls
 b - 7 scrolls of identify
 g - 5 scrolls of teleportation
 h - 3 scrolls of enchant armour
 k - a scroll of fear {unknown}
 l - 3 scrolls of magic mapping
 n - 2 scrolls of recharging {unknown}
 p - 2 scrolls of fog {unknown}
 t - 2 scrolls of enchant weapon {unknown}
 B - 3 scrolls of amnesia {unknown}
 D - 2 scrolls of noise {unknown}
 E - 7 scrolls of remove curse
 H - a scroll of brand weapon {unknown}
 I - 2 scrolls of immolation {unknown}
 O - 2 scrolls of silence {unknown}
Potions
 d - 2 potions of might
 e - 8 potions of curing
 i - 2 potions of haste {unknown}
 j - 5 potions of brilliance
 u - a potion of mutation
 v - a potion of flight
 x - 3 potions of agility
 G - 2 potions of magic {unknown}
 J - 2 potions of invisibility
 S - 2 potions of ambrosia {unknown}
 T - a potion of degeneration {unknown}
Books
 U - a book of Party Tricks

   Spells                             Type                      Level
   a - Summon Butterflies             Summoning                    1
   b - Apportation                    Translocation                1
   c - Lesser Beckoning               Translocation                3
   d - Tukima's Dance                 Hexes                        3
   e - Alistair's Intoxication        Transmutation/Poison         5
   f - Invisibility                   Hexes                        6
Miscellaneous
 V - a phial of floods
Comestibles
 f - 7 bread rations
 q - 6 meat rations
 z - 6 chunks of flesh
 N - 25 fruits


   Skills:
 - Level 10.3(15.3) Fighting
 - Level 13.8(18.8) Axes
 - Level 2.6(7.6) Armour
 - Level 2.6(7.6) Shields
 + Level 8.1 Invocations


You had 10 spell levels left.
You didn't know any spells.

Dungeon Overview and Level Annotations

Branches:
Dungeon (12/15)            Temple (0/1) D:5            Lair (0/6) D:9
    Orc (0/2) D:12

Altars:
Elyvilon
Fedhas
Makhleb
Nemelex Xobeh
Okawaru
Qazlal
Trog
Uskayaw
Xom
Yredelemnul
Zin

Shops:
D:5 *   D:10 [


Innate Abilities, Weirdness & Mutations

You have large cloven feet.
You are mostly covered in rugged brown scales. (AC +2, +5% HP)
You regenerate health from kills.
You have a pair of small antennae on your head.
You are very agile. (Dex +4)
Your flesh is cold resistant. (rC+)
You are dopey. (Int -2)
You are robust. (+10% HP)
You are resistant to electric shocks. (rElec)
You expend magic power (3 MP) to strengthen your wands.


Message History

The polar bear is severely wounded.
The polar bear bites you but does no damage.
You block the polar bear's attack. x2
Unknown command.
You hit the polar bear.
You kick the polar bear, but do no damage.
The polar bear is almost dead.
You block the polar bear's attack.
The polar bear claws you but does no damage. x2
You gain the combat prowess of a mighty hero.
The polar bear bites you!!
* * * LOW HITPOINT WARNING * * *
The polar bear claws you but does no damage.
You block the polar bear's attack.
Unknown command.
You hit the polar bear but do no damage.
You kick the polar bear, but do no damage.
The polar bear is almost dead.
The polar bear bites you!!
You die...

###### ## #######....##
##. ##.##...##.#}## ##..
####.#...#####.#.####...
###†...#..##
#...####...##
###.†.#..#.##
##...##...###
###...####..##
##...##.§### ###...###
###### #..###.§##.
#...### ###...@###
#..####§§## ##..#
#...###h†#####...#§§).#
##.### #.### ##†..#
##....#§##
..#########...# #..##
######## #...##....(...#
##... { #..###...⌠...##
#..# ###..##.[.).## #...
###...##### #.#. #####
≈# #


You could see a polar bear (berserk).

Vanquished Creatures
  The ghost of namelastname112 the Frost Mage, a journeyman DrWn of Sif Muna (D:10)
  4 two-headed ogres
  An unseen horror (D:12)
  An ugly thing (D:12)
  An ice statue (IceCv)
  A centaur zombie (D:11)
  2 trolls
  7 polar bears (IceCv)
  A hornet (D:10)
  A hippogriff (D:11)
  Sigmund (D:2)
  8 yaks
  2 hungry ghosts
  4 ice beasts
  An orc warrior (D:12)
  7 ogres
  3 phantoms
  2 sky beasts
  2 black bears
  A necrophage (D:12)
  11 wolves (IceCv)
  4 centaurs
  A crocodile (D:10)
  2 big kobolds
  11 bullfrogs
  3 water moccasin zombies (Ossuary)
  A wyvern skeleton (D:10)
  A scorpion (D:8)
  9 wights
  5 howler monkeys
  2 electric eels (D:6)
  3 crimson imps
  8 hounds
  3 orc priests
  15 orc wizards
  A bullfrog skeleton (D:5)
  3 iguanas
  7 worker ants
  6 big kobold zombies (Ossuary)
  2 mummies (Ossuary)
  4 gnolls (D:10)
  2 worker ant zombies
  9 adders
  3 shadow imps
  An ooze (D:1)
  7 adder zombies
  An adder skeleton (D:5)
  4 worms
  4 dart slugs
  6 leopard geckos
  31 orcs
  6 giant cockroaches
  6 gnoll zombies (Ossuary)
  5 goblins
  4 hobgoblins
  5 jackals
  4 quokkas
  A ball python (D:4)
  7 bats
  3 frilled lizards
  4 hobgoblin zombies (Ossuary)
  A jackal zombie (D:5)
  8 kobolds
  3 kobold zombies (Ossuary)
  3 leopard gecko skeletons
  5 orc zombies (Ossuary)
  7 rats
  A fungus (D:2)
294 creatures vanquished.

Vanquished Creatures (others)
  A yak (IceCv)
  2 wolves (IceCv)
  4 toadstools (D:1)
7 creatures vanquished.

Grand Total: 301 creatures vanquished

Notes
Turn   | Place    | Note
-------+----------+-------------------------------------------
     0 | D:1      | Moloch the Demonspawn Fighter began the quest for the Orb.
     0 | D:1      | Reached XP level 1. HP: 18/18 MP: 1/1
   154 | D:1      | Reached skill level 2 in Axes
   154 | D:1      | Gained mutation: You regenerate a little health from kills. [demonic ancestry]
   154 | D:1      | Reached XP level 2. HP: 24/24 MP: 2/2
   611 | D:2      | Noticed Sigmund
  1101 | D:3      | Gained mutation: You are partially covered in rugged brown scales. (AC +1, +3% HP) [demonic ancestry]
  1101 | D:3      | Reached XP level 3. HP: 25/30 MP: 3/3
  1511 | D:2      | Found a burning altar of Makhleb.
  1533 | D:2      | Found a bloodstained altar of Trog.
  1605 | D:2      | Reached skill level 3 in Axes
  1605 | D:2      | Gained mutation: You have large cloven feet. [demonic ancestry]
  1605 | D:2      | Reached XP level 4. HP: 32/38 MP: 4/4
  1609 | D:2      | Found a basalt altar of Yredelemnul.
  2033 | D:3      | Found a blossoming altar of Fedhas.
  2472 | D:4      | Gained mutation: You are mostly covered in rugged brown scales. (AC +2, +5% HP) [demonic ancestry]
  2472 | D:4      | Reached XP level 5. HP: 37/44 MP: 5/5
  2473 | D:4      | Noticed an ogre
  2480 | D:3      | Reached skill level 4 in Axes
  2598 | D:4      | Reached XP level 6. HP: 30/51 MP: 6/6
  2775 | D:3      | Reached skill level 5 in Axes
  2874 | D:4      | Found a stormy altar of Qazlal.
  3114 | D:2      | Killed Sigmund
  3562 | D:3      | Reached skill level 6 in Axes
  3562 | D:3      | Gained mutation: You regenerate health from kills. [demonic ancestry]
  3562 | D:3      | Reached XP level 7. HP: 37/57 MP: 7/7
  3788 | D:3      | Reached skill level 5 in Fighting
  3894 | D:4      | Got a slimy leather armour
  3905 | D:4      | Identified the cursed +0 leather armour of the Invisible Hand {Regen+ Stlth+} (You found it on level 4 of the Dungeon)
  3955 | D:4      | Found a sparkling altar of Nemelex Xobeh.
  3956 | D:4      | Found an iron altar of Okawaru.
  3957 | D:4      | Found a hide-covered altar of Uskayaw.
  3965 | D:4      | Became a worshipper of Warmaster Okawaru
  4435 | D:5      | Entered Level 5 of the Dungeon
  4498 | D:5      | Reached skill level 7 in Axes
  4538 | D:5      | Found Ioorio's Incredible Inventory.
  4643 | D:5      | Reached XP level 8. HP: 65/66 MP: 8/8
  4745 | D:5      | Found a staircase to the Ecumenical Temple.
  5137 | D:5      | Reached skill level 8 in Axes
  5443 | D:6      | Reached * piety under Okawaru
  5734 | D:6      | Reached skill level 9 in Axes
  5791 | D:6      | Gained mutation: You have a pair of small antennae on your head. [mutagenic meat]
  5792 | D:6      | Gained mutation: Your body sometimes deteriorates upon taking damage. [mutagenic meat]
  5793 | D:6      | Gained mutation: You have an increased reservoir of magic. (+10% MP) [mutagenic meat]
  5795 | D:6      | Gained mutation: You expend magic power (3 MP) to strengthen your wands. [mutagenic meat]
  5796 | D:6      | Gained mutation: Your spells are a little harder to cast, but a little more powerful. [mutagenic meat]
  5896 | D:6      | Lost mutation: Your body sometimes deteriorates upon taking damage. [potion of mutation]
  5896 | D:6      | Lost mutation: You have an increased reservoir of magic. (+10% MP) [potion of mutation]
  5896 | D:6      | Gained mutation: Scrolls take you a little longer to read. [potion of mutation]
  5896 | D:6      | Gained mutation: You are agile. (Dex +2) [potion of mutation]
  5897 | D:6      | Lost mutation: Scrolls take you a little longer to read. [potion of mutation]
  5897 | D:6      | Lost mutation: Your spells are a little harder to cast, but a little more powerful. [potion of mutation]
  5897 | D:6      | Lost mutation: You are agile. (Dex +2) [potion of mutation]
  5897 | D:6      | Gained mutation: You are robust. (+10% HP) [potion of mutation]
  5897 | D:6      | Gained mutation: You are agile. (Dex +2) [potion of mutation]
  5897 | D:6      | Gained mutation: You are resistant to electric shocks. (rElec) [potion of mutation]
  5897 | D:6      | Gained mutation: You are very robust. (+20% HP) [potion of mutation]
  5974 | D:7      | Reached ** piety under Okawaru
  5982 | D:7      | Reached XP level 9. HP: 88/88 MP: 9/9
  6009 | D:7      | Found a sand-covered staircase.
  6014 | Ossuary  | Entered an ossuary
  6127 | Ossuary  | Reached skill level 10 in Axes
  7053 | D:8      | Found a white marble altar of Elyvilon.
  7586 | D:8      | Noticed a two-headed ogre
  7686 | D:8      | Killed a two-headed ogre
  7686 | D:8      | Reached *** piety under Okawaru
  7686 | D:8      | Reached skill level 11 in Axes
  7882 | D:9      | Noticed a troll
  7893 | D:9      | Killed a troll
  7909 | D:9      | Reached XP level 10. HP: 85/100 MP: 10/10
  8084 | D:9      | Found a staircase to the Lair.
  8085 | D:9      | Noticed a two-headed ogre
  8102 | D:9      | Killed a two-headed ogre
  8102 | D:9      | Reached **** piety under Okawaru
  8291 | D:9      | Found a glowing silver altar of Zin.
  8433 | D:9      | Noticed a two-headed ogre
  8445 | D:9      | Killed a two-headed ogre
  8445 | D:9      | Reached skill level 12 in Axes
  8526 | D:10     | Entered Level 10 of the Dungeon
  8533 | D:10     | Reached ***** piety under Okawaru
  8766 | D:10     | Gained mutation: Your flesh is cold resistant. (rC+) [mutagenic meat]
  8768 | D:10     | Lost mutation: You are very robust. (+20% HP) [mutagenic meat]
  8769 | D:10     | Gained mutation: You are dopey. (Int -2) [mutagenic meat]
  8770 | D:10     | Gained mutation: You are very agile. (Dex +4) [mutagenic meat]
  8989 | D:10     | Noticed namelastname112's ghost (journeyman DrWn)
  9007 | D:10     | Killed namelastname112's ghost
  9009 | D:10     | Reached skill level 13 in Axes
  9037 | D:10     | Found Ucuuq's Armour Emporium.
  9091 | D:10     | Reached XP level 11. HP: 94/102 MP: 11/11
  9214 | D:11     | Noticed a two-headed ogre
  9247 | D:10     | Killed a two-headed ogre
  9447 | D:11     | Found a shimmering altar of Xom.
  9449 | D:11     | Found a shimmering altar of Xom.
  9449 | D:11     | Found a shimmering altar of Xom.
  9451 | D:11     | Found a shimmering altar of Xom.
  9453 | D:11     | Found a shimmering altar of Xom.
  9453 | D:11     | Found a shimmering altar of Xom.
  9455 | D:11     | Found a shimmering altar of Xom.
  9475 | D:11     | Reached skill level 10 in Fighting
  9478 | D:11     | Received a gift from Okawaru
  9486 | D:11     | Got a pitted chain mail {god gift}
  9497 | D:11     | Identified the +2 chain mail "Juemil" {Int+6} (Okawaru gifted it to you on level 11 of the Dungeon)
  9944 | D:12     | Noticed a purple ugly thing
  9952 | D:12     | Killed a purple ugly thing
 10012 | D:12     | Found a frozen archway.
 10033 | D:12     | Killed an unseen horror
 10069 | IceCv    | Entered an ice cave
 10077 | IceCv    | Reached skill level 1 in Invocations
 10876 | IceCv    | Reached skill level 5 in Invocations
 11008 | IceCv    | Mangled by a polar bear

Vault maps used:
D:1:      ldierk_walled_garden_2, hex_tiny
D:2:      bloody_makhleb, lemuel_coloured_pillars_altar, first_bread,
          minmay_gold_behind_fungi, trog_three_pillars_becter, uniq_sigmund
D:3:      fedhas_altar_3
D:4:      grunt_qazlal_clouds, gammafunk_temple_overflow_claw
D:5:      minmay_temple_entry_statues_fountains, nicolae_alphabet_shops
D:6:      cheibrodos_helix_gallery
D:7:      nicolae_ossuary_entry_false_entrances
D:8:      kennysheep_mini
D:9:      lemuel_doored_altar, lair_entry_dummy
D:10:     serial_shops, shop, blue_anna_alchemist, pond
D:11:     nicolae_xom_altar_mimics
D:12:     orc_0_dummy, portal_ice_cave_entry_pillars_1, uniq_psyche
Ossuary:  ossuary_tomb_2
IceCv:    ice_cave_caverns_02

Skill      XL: |  1  2  3  4  5  6  7  8  9 10 11 |
---------------+----------------------------------+-----
Axes           | 2 3 4 6 7 9 11 13 | 13.8
Fighting       | 4 5 6 7 9 10 | 10.3
Invocations    | 8 |  8.1
Armour         | |  2.6
Shields        | |  2.6

Action                   |  1- 3 |  4- 6 |  7- 9 | 10-12 || total
-------------------------+-------+-------+-------+-------++-------
Melee: War axe           |   119 |   147 |    30 |       ||   296
       Kick              |       |    20 |    99 |   196 ||   315
       Hand axe          |       |       |   341 |   514 ||   855
Invok: Heroism           |       |       |       |     4 ||     4
Evoke: Wand              |       |       |     2 |     3 ||     5
  Use: Scroll            |       |     6 |     5 |     1 ||    12
       Potion            |       |       |     2 |       ||     2
 Stab: Sleeping          |       |       |     5 |     3 ||     8
  Eat: Chunk             |     2 |     6 |    17 |    18 ||    43
       Royal jelly       |       |       |     2 |     2 ||     4
Armor: Scale mail        |    71 |    89 |     1 |       ||   161
       Leather armour    |       |       |    89 |    46 ||   135
       Chain mail        |       |       |       |   154 ||   154
Dodge: Dodged            |    33 |    40 |   144 |   154 ||   371
Block: Shield            |    66 |    68 |    99 |   194 ||   427
